Map: Prion Terraces

Players

LiquidMaNa (MaNa)

  • Race: Protoss Protoss
  • League: Grandmaster

Jona - Winner!

  • Race: Zerg Zerg
  • League: Master

Event: NationWars III

VOD

https://www.youtube.com/watch?v=EsUWWe4SHcE

Description

Time

  • Played on: Jan. 2, 2016, 12:37 p.m.
  • Length: 15:01
Show
View Real Time Build Order
Export as new Build Order

LiquidMaNa Protoss 

Build Orders: Nexus First 

Get SALT Encoding   

  12  0:00  Probe (Chrono Boost)  
  13  0:11  Probe (Chrono Boost)  
  14  0:17  Pylon  
  14  0:22  Probe (Chrono Boost)  
  15  0:35  Probe (Chrono Boost)  
  16  0:46  Probe (Chrono Boost)  
  17  0:57  Nexus  
  17  1:07  Gateway  
  17  1:10  Probe (Chrono Boost)  
  18  1:15  Assimilator  
  18  1:21  Probe (Chrono Boost)  
  19  1:25  Assimilator  
  20  1:37  Gateway  
  20  1:38  Probe (Chrono Boost)  
  20  1:54  Cybernetics Core  
  20  1:55  Zealot (Chrono Boost)  
  20  1:58  Probe  
  22  2:09  Probe  
  22  2:10  Probe  
  24  2:19  Zealot (Chrono Boost)  
  26  2:31  Adept (Chrono Boost), Warp Gate  
  26  2:35  Probe  
  29  2:41  Probe  
  30  2:50  Adept (Chrono Boost)  
  32  2:58  Adept (Chrono Boost)  
  32  2:59  Probe  
  32  3:03  Probe  
  32  3:13  Adept (Chrono Boost)  
  32  3:14  Probe (Chrono Boost)  
  32  3:19  Mothership Core (Chrono Boost)  
  37  3:29  Probe (Chrono Boost), Pylon  
  38  3:36  Twilight Council  
  38  3:47  Probe x2 (Chrono Boost)  
  40  3:58  Probe x2 (Chrono Boost)  
  40  4:02  Adept x2  
  46  4:08  Probe x2 (Chrono Boost)  
  46  4:15  Resonating Glaives (Chrono Boost)  
  46  4:19  Probe  
  46  4:20  Probe  
  46  4:23  Pylon  
  46  4:33  Robotics Facility  
  46  4:37  Gateway  
  46  4:42  Sentry x2  
  50  4:46  Nexus  
  50  4:47  Probe  
  50  4:48  Probe  
  52  4:53  Pylon  
  52  5:03  Gateway  
  52  5:06  Pylon  
  52  5:07  Probe  
  52  5:10  Probe  
  54  5:17  Forge  
  54  5:19  Probe  
  55  5:23  Warp Prism  
  55  5:27  Probe  
  56  5:33  Probe, Assimilator  
  56  5:34  Assimilator  
  57  5:37  Probe  
  58  5:43  Robotics Bay  
  58  5:45  Probe  
  58  5:48  Probe  
  58  5:49  Pylon  
  60  5:52  Pylon  
  60  5:54  Adept  
  60  5:55  Sentry  
  64  6:00  Protoss Ground Weapons Level 1  
  64  6:09  Immortal (Chrono Boost)  
  68  6:14  Adept  
  68  6:15  Adept  
  72  6:20  Probe x2  
  72  6:25  Adept x2  
  78  6:31  Pylon, Blink  
  78  6:42  Assimilator  
  78  6:43  Disruptor (Chrono Boost)  
  81  6:47  Gateway x2  
  79  6:56  Probe  
  79  7:00  Probe  
  80  7:01  Probe  
  80  7:05  Stalker x4  
  90  7:12  Probe, Pylon, Photon Cannon  
  90  7:13  Probe  
  92  7:17  Disruptor (Chrono Boost)  
  95  7:29  Zealot x4  
  95  7:46  Zealot x2  
  95  7:49  Disruptor (Chrono Boost)  
  91  7:57  Stalker  
  83  7:58  Stalker x3  
  89  8:06  Protoss Ground Weapons Level 2  
  89  8:07  Probe x2  
  89  8:10  Adept x2  
  95  8:21  Disruptor (Chrono Boost)  
  95  8:22  Zealot  
  100  8:32  Pylon  
  100  8:33  Pylon  
  100  8:35  Pylon x2  
  100  8:36  Pylon  
  100  8:40  Photon Cannon  
  100  8:46  Assimilator  
  100  8:49  Probe  
  100  8:51  Probe x2  
  100  8:52  Disruptor (Chrono Boost), Zealot x4  
  100  8:54  Zealot  
  116  8:58  Templar Archives  
  116  9:05  Stargate x2  
  116  9:09  Probe x2  
  118  9:12  Stalker x3  
  124  9:19  Pylon x2  
  124  9:26  Charge  
  124  9:31  Probe  
  124  9:33  Probe x2  
  127  9:43  Zealot x5  
  137  9:52  Warp Prism (Chrono Boost)  
  137  10:06  High Templar x3  
  143  10:13  Robotics Facility  
  143  10:22  Zealot  
  143  10:23  Observer (Chrono Boost), Zealot  
  143  10:25  Nexus  
  143  10:26  Gateway  
  143  10:28  Gateway  
  148  10:32  Protoss Ground Weapons Level 3  
  134  10:35  Probe x2  
  134  10:39  High Templar  
  134  10:41  Probe  
  131  10:47  Probe, Zealot x3  
  131  10:48  Probe, Zealot  
  142  10:52  Probe  
  142  11:06  Probe  
  142  11:07  Probe, Observer (Chrono Boost), Pylon  
  139  11:17  Pylon  
  141  11:19  Archon  
  141  11:21  Immortal (Chrono Boost), Archon  
  141  11:36  Zealot x5  
  141  11:37  Nexus, Zealot x2  
  155  11:45  Pylon  
  155  11:46  Pylon  
  138  12:07  Zealot x4  
  138  12:08  Probe  
  125  12:09  Probe x2  
  124  12:18  Probe  
  124  12:21  Probe, Immortal (Chrono Boost)  
  134  12:23  Immortal (Chrono Boost)  
  126  12:33  Zealot x2  
  126  12:34  Zealot x2  
  134  12:41  Probe  
  134  12:42  Probe x2  
  137  12:47  Templar Archives  
  137  12:56  Immortal (Chrono Boost)  
  141  13:10  Zealot  
  139  13:23  Adept x2  
  139  13:26  High Templar x2  
  145  13:31  Void Ray x2  
  145  13:32  Archon  
  145  13:42  Zealot, High Templar x2  
  145  13:46  Archon  
  105  14:22  Stalker x5  
  69  14:43  Stalker x3  
  69  14:45  Stalker  
Show
View Real Time Build Order
Export as new Build Order

Jona Zerg - Winner!

Build Orders: Pool First 

Get SALT Encoding   

  12  0:00  Drone  
  13  0:08  Drone  
  14  0:25  Spawning Pool  
  13  0:29  Drone  
  14  0:37  Extractor  
  14  0:38  Drone  
  14  0:42  Drone, Extractor  
  14  0:46  Overlord  
  16  1:11  Queen, Zergling x4  
  16  1:12  Zergling x2  
  21  1:23  Zergling x2  
  22  1:33  Hatchery  
  22  1:35  Drone  
  22  1:55  Hatchery  
  21  2:01  Overlord  
  21  2:10  Drone  
  22  2:19  Queen  
  22  2:21  Drone x2  
  26  2:29  Drone x2  
  28  2:36  Overlord  
  28  2:40  Drone  
  29  2:48  Queen  
  29  2:50  Drone  
  30  3:01  Drone, Spine Crawler  
  30  3:03  Drone x2  
  32  3:14  Drone x4  
  36  3:22  Drone x2  
  38  3:27  Queen  
  38  3:28  Spine Crawler  
  39  3:36  Drone x3  
  39  3:37  Drone  
  43  3:41  Zergling x6  
  46  3:54  Overlord, Extractor x2  
  44  4:00  Drone x4  
  44  4:01  Drone x4  
  48  4:12  Drone x2, Overlord  
  50  4:18  Drone  
  50  4:19  Drone  
  51  4:35  Drone x3  
  51  4:36  Roach Warren  
  51  4:37  Drone x3  
  51  4:38  Drone x7  
  63  4:45  Hatchery  
  63  4:46  Evolution Chamber  
  63  4:50  Overlord x2  
  63  4:51  Overlord  
  61  5:00  Extractor  
  61  5:01  Extractor  
  59  5:10  Drone  
  59  5:11  Drone x12  
  59  5:13  Zerg Melee Weapons Level 1  
  70  5:14  Lair  
  70  5:17  Roach x2  
  70  5:19  Zergling x6  
  73  5:36  Ravager  
  73  5:40  Overlord x5  
  74  5:43  Extractor  
  74  5:45  Roach x2  
  74  5:46  Roach  
  79  5:52  Overlord x2  
  79  6:04  Zergling x8  
  81  6:05  Metabolic Boost, Ravager  
  81  6:10  Overlord x5  
  84  6:15  Hatchery, Glial Reconstitution  
  83  6:19  Roach x4  
  83  6:21  Zergling x2  
  83  6:22  Zergling x10  
  96  6:38  Roach x6  
  105  6:51  Zergling x10  
  105  6:52  Zergling x18  
  118  7:00  Overlord  
  118  7:05  Ravager x6  
  118  7:06  Overlord x2  
  124  7:14  Zergling x10  
  124  7:15  Zergling x10  
  134  7:21  Zergling x8  
  138  7:24  Zerg Melee Weapons Level 2  
  138  7:26  Zergling x4  
  140  7:33  Evolution Chamber, Infestation Pit  
  133  7:39  Zergling x16  
  117  7:46  Zergling x20  
  104  7:58  Zergling x4  
  104  7:59  Zergling x10  
  104  8:02  Zerg Ground Armor Level 1  
  109  8:10  Zergling x14  
  109  8:11  Zergling x4  
  109  8:12  Hive, Pathogen Glands  
  117  8:14  Zergling x2  
  117  8:15  Zergling x10  
  117  8:16  Ravager  
  117  8:20  Drone x4  
  117  8:22  Drone, Extractor x2  
  117  8:23  Extractor  
  116  8:29  Drone  
  116  8:30  Drone x2  
  116  8:31  Drone  
  120  8:45  Infestor x3  
  126  8:54  Infestor  
  128  8:55  Zergling x2  
  128  8:56  Zergling x26  
  142  9:28  Hatchery  
  142  9:29  Adrenal Glands  
  141  9:36  Ultralisk Cavern  
  140  9:52  Zerg Melee Weapons Level 3  
  140  9:58  Drone x3  
  143  10:03  Spire  
  142  10:14  Zerg Ground Armor Level 2  
  139  10:24  Chitinous Plating  
  139  10:25  Ultralisk x2  
  139  10:26  Ultralisk  
  150  10:37  Ultralisk  
  144  10:50  Ultralisk  
  144  10:52  Zergling x34  
  144  10:53  Zergling x16  
  160  11:19  Greater Spire  
  154  11:29  Corruptor  
  154  11:30  Corruptor x6  
  157  12:06  Ultralisk x2  
  157  12:07  Ultralisk  
  157  12:08  Zergling x22  
  165  12:42  Brood Lord x5  
  175  12:47  Brood Lord  
  170  13:15  Corruptor, Brood Lord  
  170  13:16  Corruptor x2  
  177  13:25  Corruptor  
  176  13:36  Corruptor x2  
  180  13:51  Corruptor x2  
  161  14:17  Zergling x26  
  142  14:23  Zergling x2  
  142  14:24  Zergling x4  
  145  14:30  Zergling x2  
  145  14:31  Zergling x4  
Tags
 
Add a new tag
Caveats
  • Supply blocks, unpowered buildings, or Contaminate may cause inaccurate times.
  • Supply counts are checked every 10 seconds.